 Dungeon Crawl Stone Soup version 0.25.1-2-g60ff931df9 (webtiles) character file.

Game seed: 5508924237934933314

189 DoubleLucky the Grave Robber (level 5, 0/28 HPs)
             Began as a Deep Elf Necromancer on Sept 28, 2020.
             Succumbed to an adder's poison
             ... on level 3 of the Dungeon.
             The game lasted 00:11:44 (4550 turns).

DoubleLucky the Grave Robber (Deep Elf Necromancer) Turns: 4550, Time: 00:11:44

Health: 0/28       AC:  3    Str:  5    XL:     5   Next: 40%
Magic:  14/14      EV: 13    Int: 21    God:
Gold:   143        SH:  0    Dex: 15    Spells: 12/14 levels left

rFire    . . .     SeeInvis .   h - +2 dagger (venom)
rCold    . . .     Gourm    .   (no shield)
rNeg     . . .     Faith    .   a - +0 robe
rPois    .         Spirit   .   (no helmet)
rElec    .         Reflect  .   (no cloak)
rCorr    .         Harm     .   d - +0 pair of gloves
MR       .....                  (no boots)
Stlth    ++........             (no amulet)
HPRegen  0.09/turn              (no ring)
MPRegen  0.14/turn              (no ring)

@: lethally poisoned (0 -> -7), flying
A: no striking features
a: no special abilities


You were on level 3 of the Dungeon.
You were not hungry.

You visited 1 branch of the dungeon, and saw 3 of its levels.

You collected 143 gold pieces.

Inventory:

Hand Weapons
 h - a +2 dagger of venom (weapon)
Armour
 a - a +0 robe (worn)
 d - a +0 pair of gloves (worn)
Jewellery
 b - an uncursed ring of protection from magic {unknown}
 r - an uncursed ring of positive energy {unknown}
Scrolls
 e - a scroll of immolation {unknown}
 f - a scroll of enchant armour {unknown}
 g - 2 scrolls of identify {unknown}
 l - 2 scrolls of remove curse {unknown}
 n - 2 scrolls of teleportation {unknown}
 p - a scroll of amnesia {unknown}
 s - a scroll of blinking {unknown}
Potions
 j - 2 potions of flight
 k - 4 potions of stabbing {unknown}
 m - 2 potions of curing {unknown}
 o - a potion of resistance {unknown}
 q - a potion of heal wounds {unknown}
Comestibles
 c - 5 rations


   Skills:
 - Level 2.4 Dodging
 - Level 2.4 Stealth
 + Level 5.0 Spellcasting
 * Level 7.2 Necromancy


You had 12 spell levels left.
You knew the following spells:

 Your Spells              Type           Power        Failure   Level  Hunger
a - Pain                  Necr           ####         1%          1    None
b - Animate Skeleton      Necr           N/A          1%          1    None

Your spell library contained the following spells:

 Spells                   Type           Power        Failure   Level  Hunger
 Vampiric Draining        Necr           #####.....   1%          3    ##.....
 Animate Dead             Necr           N/A          5%          4    ####...
 Agony                    Necr           #####...     16%         5    #####..


Dungeon Overview and Level Annotations

Branches:
Dungeon (3/15)

Altars:
Trog
Vehumet
Yredelemnul
Zin


Message History

You feel sick. The adder barely misses you. The adder bites you.
* * * LOW HITPOINT WARNING * * *
You are more poisoned.
The adder poisons you!
You hit the adder.
You kill the adder!
Your Spellcasting skill increases to level 5!
* * * LOW HITPOINT WARNING * * *
You feel sick.
Things that are here:
a club; an adder corpse
* * * LOW HITPOINT WARNING * * *
You feel sick.
It was a potion of magic.
Magic courses through your body.
* * * LOW HITPOINT WARNING * * *
You feel sick.
It was a potion of flight.
You feel very buoyant.
You fly up into the air.
You die...

#. #.........# ##'##
#.........# ##...##
####...#### ##.....##
###...# ##.......##
##.#...#
##.........####.....######
.'....>.†..'..............
##......)..####.....######
##......@## ##.#.## #.
##.....## ###.# #. ##...##
#.# #. ##'## #.# #. #. #.#
#. #. #.# #. #. #. #. #.
##


There were no monsters in sight!

Vanquished Creatures
  3 gnolls (D:3)
  8 adders
  2 oozes
  2 worms
  A dart slug (D:1)
  3 leopard geckos
  3 ball pythons
  9 bats
  A giant cockroach (D:3)
  2 gnoll zombies (D:3)
  5 hobgoblins
  5 jackals
  7 kobolds
  A quokka (D:2)
  5 frilled lizards
  8 goblins
  9 rats
74 creatures vanquished.

Notes
Turn   | Place    | Note
-------+----------+-------------------------------------------
     0 | D:1      | DoubleLucky the Deep Elf Necromancer began the quest for
                  | the Orb.
     0 | D:1      | Reached XP level 1. HP: 10/10 MP: 6/6
    67 | D:1      | Learned a level 1 spell: Animate Skeleton
   138 | D:1      | Reached skill level 5 in Necromancy
   392 | D:1      | Reached XP level 2. HP: 14/15 MP: 5/8
  1245 | D:1      | Reached XP level 3. HP: 16/19 MP: 5/10
  1896 | D:2      | Reached skill level 6 in Necromancy
  2396 | D:2      | Found a bloodstained altar of Trog.
  2482 | D:2      | Reached XP level 4. HP: 24/24 MP: 9/12
  2857 | D:3      | Found a radiant altar of Vehumet.
  3058 | D:3      | Found a basalt altar of Yredelemnul.
  3845 | D:3      | Reached XP level 5. HP: 23/28 MP: 13/13
  4241 | D:3      | Reached skill level 7 in Necromancy
  4503 | D:3      | Found a glowing silver altar of Zin.
  4546 | D:3      | Reached skill level 5 in Spellcasting
  4549 | D:3      | HP: 1/28 [poisoned by an adder]
  4550 | D:3      | Succumbed to an adder's poison

Illustrated notes

Levels and vault maps discovered:
D:1:      nzn_arrival_depleted_hourglass, layout_basic
D:2:      layout_basic, lightli_temple_of_fire
D:3:      layout_loops_corners, lemuel_zombie_altar_yredelemnul,
          vehumet_crystals, zin_scriptorium, first_ration

Skill      XL: |  1  2  3  4  5 |
---------------+----------------+-----
Necromancy     | 5 6 7 |  7.2
Spellcasting   | 4 5 |  5.0
Dodging        | |  2.4
Stealth        | |  2.4

Action                   |  1- 3 |  4- 6 || total
-------------------------+-------+-------++-------
Melee: Dagger            |     1 |    89 ||    90
 Cast: Pain              |    74 |    18 ||    92
  Use: Potion            |       |     2 ||     2
 Stab: Sleeping          |       |     3 ||     3
  Eat: Chunk             |     4 |     4 ||     8
       Ration            |       |     1 ||     1
Armor: Robe              |     3 |    20 ||    23
Dodge: Dodged            |     9 |    78 ||    87
